AoeStats
← Juankhan

Arabia

510326604Analyzed
1v1 RM · 1d ago on Sep 30, 2026· 57m 18s· 2 players
Game mode
Random Map
Map size
Tiny (2 player)
Population
200
Speed
Normal
Resources
Standard
Victory
Conquest
Starting age
Dark Age
Ending age
Imperial Age
RankedLock teamsTeams togetherTeam positionsShared explorationLock speedFull tech treeHidden civsTurbo modeCheats
Victory
Defeat
🇮🇳 Celts · India
1161
+16
🇨🇱 Italians · Chile
1159
-16
Juankhan
6:09 Loom
8:59 Feudal Age
9:36 Double-Bit Axe
18:25 Gold Mining
18:18 Horse Collar
21:32 Castle Age
20:48 Bloodlines
20:44 Scale Barding Armor
20:50 Forging
22:57 Bow Saw
22:48 Heavy Plow
22:41 Stone Mining
28:56 Wheelbarrow
34:05 Imperial Age
32:08 Husbandry
32:03 Fletching
32:13 Padded Archer Armor
33:08 Town Watch
33:48 Bodkin Arrow
34:09 Leather Archer Armor
36:04 Chemistry
35:59 Elite Genoese Crossbowman
36:47 Bracer
37:18 Ring Archer Armor
37:52 Two-Man Saw
37:23 Crop Rotation
37:29 Stone Shaft Mining
37:14 Hand Cart
37:50 Ballistics
37:46 Cavalier
37:55 Light Cavalry
38:48 Hussar
40:03 Conscription
41:39 Chain Barding Armor
41:54 Iron Casting
42:14 Iron Casting
43:50 Town Patrol
47:50 Plate Barding Armor
48:15 Blast Furnace
47:21 Crossbowman
50:24 Thumb Ring
b00mer
5:05 Loom
9:32 Feudal Age
10:59 Double-Bit Axe
10:57 Horse Collar
20:31 Castle Age
19:28 Gold Mining
20:24 Fletching
20:46 Forging
22:24 Bow Saw
24:05 Husbandry
25:02 Town Watch
25:55 Wheelbarrow
25:25 Pikeman
30:12 Hand Cart
34:05 Imperial Age
31:44 Heavy Plow
31:41 Murder Holes
32:07 Ballistics
31:47 Stone Mining
32:18 Masonry
32:06 Bodkin Arrow
32:47 Iron Casting
32:14 Scale Mail Armor
34:48 Elite Skirmisher
37:15 Chemistry
36:22 Siege Engineers
37:06 Padded Archer Armor
37:13 Scale Barding Armor
38:10 Blast Furnace
36:32 Light Cavalry
37:54 Hussar
39:19 Leather Archer Armor
39:24 Chain Barding Armor
39:32 Conscription
40:39 Halberdier
41:49 Furor Celtica
48:21 Ring Archer Armor
48:06 Chain Mail Armor
57:51 Hoardings
Connection lost

Rejoining the realm…

Still unreachable

The connection could not be restored.

Session expired

The server has moved on; the page needs a fresh start.